 Dungeon Crawl Stone Soup version 0.28.0-45-g0d030f2227 (webtiles) character file.

Game seed: 1837154287908081346

61667 MisterFreud the Grappler (level 12, -2/124 HPs)
             Began as a Grey Draconian Transmuter on May 12, 2022.
             Was an Elder of Ru.
             Slain by a fire elemental (13 damage)
             ... summoned by a deep elf pyromancer
             ... on level 12 of the Dungeon.
             The game lasted 00:38:39 (21191 turns).

MisterFreud the Grappler (DrTm)                    Turns: 21191, Time: 00:38:40

Health: -2/124     AC:  7    Str: 19    XL:     12   Next: 61%
Magic:  15/18      EV: 17    Int: 16    God:    Ru [****..]
Gold:   759        SH:  0    Dex: 13    Spells: 4/19 levels left

rFire   x . .      SeeInvis .     - Unarmed
rCold   + + +      Faith    .   (shield currently unavailable)
rNeg    . . .      Spirit   .   (armour unavailable)
rPois   +          Reflect  .   (helmet currently unavailable)
rElec   +          Harm     .   (cloak currently unavailable)
rCorr   .          Rampage  .   (gloves currently unavailable)
Will    .....                   (boots currently unavailable)
Stlth   +.........              A - amulet of regeneration
HPRegen 1.10/turn               i - ring "Aczorch" {rElec EV+4 Str+5}
MPRegen 0.16/turn               R - +4 ring of slaying

@: on fire, ice-form, glowing, unable to read
A: freezing attack, boosted hp, AC +13, amphibious, large, unfitting armour,
(cold-blooded), inability to read while threatened, unskilled 1, inexperienced 1
a: End Transformation, Renounce Religion, Draw Out Power, Power Leap


You were on level 12 of the Dungeon.
You worshipped Ru.
Ru was greatly pleased with you.
You were a creature of crystalline ice.
You visited 3 branches of the dungeon, and saw 19 of its levels.

You collected 1158 gold pieces.
You spent 399 gold pieces at shops.

Inventory:

Missiles
 c - 72 poisoned darts
 k - 2 javelins
 m - a throwing net
 v - 5 atropa-tipped darts
 E - 7 curare-tipped darts
Armour
 b - a +0 pair of gloves
 P - the +0 pair of gloves of Weirdness (melded) {Rampage Regen+ Int-4}
   (You found it on level 1 of the Lair of Beasts)

   Int:       It affects your intelligence (-4).
   Regen:     It increases your rate of health regeneration.
   Rampage:   It bestows one free step when moving towards enemies.
 V - a +2 pair of boots (melded)
Jewellery
 g - a ring of wizardry
 i - the ring "Aczorch" (left front paw) {rElec EV+4 Str+5}
   (You found it on level 3 of the Dungeon)

   [ring of evasion]

   EV:        It affects your evasion (+4).
   Str:       It affects your strength (+5).
   rElec:     It insulates you from electricity.
 r - a ring of see invisible
 A - an amulet of regeneration (around neck)
 I - the ring "Fecsastri" {rF+ AC+4}
   (You found it on level 10 of the Dungeon)

   [ring of protection]

   AC:        It affects your AC (+4).
   rF:        It protects you from fire.
 L - a ring of ice
 R - a +4 ring of slaying (right front paw)
 S - a ring of wizardry
Wands
 a - a wand of digging (9)
 o - a wand of iceblast (11)
 D - a wand of paralysis (8)
 H - a wand of charming (4)
 M - a wand of mindburst (8)
 O - a wand of acid (5)
 T - a wand of flame (15)
Scrolls
 f - 7 scrolls of vulnerability
 j - 6 scrolls of teleportation
 u - 6 scrolls of blinking
 w - 3 scrolls of fear
 x - 4 scrolls of fog
 y - 2 scrolls of brand weapon
 z - 2 scrolls of amnesia
 C - 2 scrolls of enchant weapon
 N - a scroll of enchant armour
Potions
 d - a potion of attraction
 e - 3 potions of heal wounds
 h - a potion of resistance
 l - 3 potions of curing
 n - a potion of lignification
 q - a potion of ambrosia
 s - a potion of brilliance
 F - 4 potions of cancellation
 G - 2 potions of haste
 Q - 2 potions of mutation
 Y - a potion of might {unknown}
Miscellaneous
 W - a phantom mirror
 X - a piece from Xom's chessboard (15/15)


   Skills:
 + Level 9.1 Fighting
 - Level 8.0 Dodging
 + Level 12.6 Unarmed Combat
 - Level 4.0 Spellcasting
 - Level 12.0 Transmutations
 - Level 2.0 Ice Magic
 - Level 8.0 Earth Magic
 - Level 10.0 Evocations


You had 4 spell levels left.
You knew the following spells:

 Your Spells              Type           Power      Damage    Failure   Level
a - Ice Form              Ice/Tmut       25%        N/A       10%         4
b - Wereblood             Tmut           41%        N/A       1%          2
c - Spider Form           Tmut/Pois      22%        N/A       4%          3
d - Statue Form           Tmut/Erth      23%        N/A       38%         6

Your spell library contained the following spells:

 Spells                   Type           Power      Damage    Failure   Level
 Beastly Appendage        Tmut           82%        N/A       1%          1
 Foxfire                  Conj/Fire      12%        2x1d4     17%         1
 Magic Dart               Conj           12%        1d3       17%         1
 Searing Ray              Conj           6%         2d4       26%         2
 Leda's Liquefaction      Hex/Erth       8%         N/A       32%         4
 Call Canine Familiar     Summ           3%         N/A       45%         3
 Confusing Touch          Hex            3%         N/A       45%         3
 Conjure Flame            Conj/Fire      3%         6-21      45%         3
 Inner Flame              Hex/Fire       3%         N/A       45%         3
 Lesser Beckoning         Tloc           3%         N/A       45%         3
 Portal Projectile        Hex/Tloc       6%         N/A       45%         3
 Flame Wave               Conj/Fire      3%         2d4       86%         4
 Fulminant Prism          Conj/Hex       1%         3d6       86%         4
 Passage of Golubria      Tloc           3%         N/A       86%         4
 Sticky Flame             Conj/Fire      3%         2d3       86%         4
 Lee's Rapid Deconstruct  Erth           14%        3d10*     17%         5
 Alistair's Intoxication  Tmut/Pois      14%        N/A       36%         5
 Yara's Violent Unravell  Hex/Tmut       11%        3d6       36%         5
 Borgnjor's Vile Clutch   Necr/Erth      8%         N/A       65%         5
 Eringya's Noxious Bog    Tmut/Pois      11%        N/A       91%         6
 Enfeeble                 Hex            1%         N/A       100%        7


Dungeon Overview and Level Annotations

Branches:
Dungeon (12/15)            Temple (1/1) D:7            Lair (6/6) D:11
  Swamp (0/4) Lair:2       Spider (0/4) Lair:3        Slime (0/5) Lair:5
    Orc (0/2) D:10

Altars:
Ashenzari
Cheibriados
Dithmenos
Elyvilon
Fedhas
Gozag
Hepliaklqana
Kikubaaqudgha
Makhleb
Nemelex Xobeh
Okawaru
Qazlal
Ru
Sif Muna
Trog
Uskayaw
Vehumet
Wu Jian
Xom
Yredelemnul
Zin
The Shining One
Jiyva

Shops:
D:5 *   D:7 ?

Portals:
Trove: D:10 (give +3 shadow dragon scales)

Annotations:
D:9 2 transporters
Lair:2 1 runed translucent door
Lair:6 1 runed translucent door


Innate Abilities, Weirdness & Mutations

You are a creature of crystalline ice.
You have a powerful freezing melee attack.
Your maximum health is increased.
Your armour is entirely melded.
You are incapable of wielding weapons or throwing items.
((Your dull iron-grey scales are very hard. (AC +13)))
You are amphibious.
You cannot fit into any form of body armour.
((You are cold-blooded and may be slowed by cold attacks.))
You sometimes lose the ability to read scrolls when taking damage.
You are somewhat unskilled. (-1 Apt)
You are somewhat inexperienced. (-2 XL)


Message History

The sticky flame hits you. The fire burns you terribly!
You are covered in liquid flames!
The fire elemental hits you. The fire elemental burns you!
The fire burns you terribly!
You pummel the deep elf pyromancer!! You freeze the deep elf pyromancer.
The deep elf pyromancer is severely wounded.
You are covered in liquid flames!
The fire elemental hits you. The fire elemental burns you!
The fire burns you terribly!
You feel threatened and lose the ability to read scrolls!
The fire elemental hits you. The fire elemental burns you!
The fire burns you terribly!
The deep elf pyromancer hits you with a +0 rapier.
You barely miss the deep elf pyromancer.
The deep elf pyromancer is severely wounded.
You are covered in liquid flames!
You are no longer on fire.
The fire elemental hits you. The fire elemental burns you!
The fire burns you terribly! The fire elemental hits you.
The fire elemental burns you! The fire burns you terribly!
* * * LOW HITPOINT WARNING * * *
The deep elf pyromancer casts a spell at you.
The sticky flame hits you! The fire burns you terribly!
You are covered in liquid flames!
* * * LOW HITPOINT WARNING * * *
You completely miss the deep elf pyromancer.
The deep elf pyromancer is severely wounded.
You are covered in liquid flames!
* * * LOW HITPOINT WARNING * * *
The fire elemental barely misses you. The fire elemental misses you.
Unknown command.
You closely miss the deep elf pyromancer.
The deep elf pyromancer is severely wounded.
You are covered in liquid flames!
* * * LOW HITPOINT WARNING * * *
The fire elemental completely misses you.
The deep elf pyromancer hits you but does no damage.
The fire elemental hits you. The fire elemental burns you!
The fire burns you terribly!
You die...

##.......#
#.........#........#
#.........#.....)..#
.#..................#
...........##....)..####
#.........##.......#...
#.....E°..##.......'.##
#....EeE..##.......###
#.....Y...##.......#
######.########'####
###..# #.## #...## #..#
###.### ###'#### #.....#
####......#
..##.....#####..'......#
#........#.....##......#
####.......######......#


You could see a deep elf pyromancer and 3 fire elementals.

Vanquished Creatures
  The ghost of MisterFreud the Brawler, a journeyman DrTm of Ru (Lair:6)
  Snorg (D:10)
  7 hydras
  Fannar (D:11)
  An alligator (Lair:4)
  A catoblepas (Lair:6)
  3 two-headed ogres
  5 death yaks
  A fire crab (Lair:4)
  A wizard (D:9)
  4 lindwurms
  A wolf spider (Lair:3)
  23 elephants
  6 torpor snails
  8 black mambas
  11 cane toads
  A gargoyle (D:11)
  10 komodo dragons
  A kobold demonologist (D:8)
  3 rime drakes (Lair:6)
  6 hornets (Lair:6)
  2 polar bears (Lair:4)
  2 trolls
  Grinder (D:3)
  7 dream sheep
  3 tyrant leeches (Lair:6)
  14 blink frogs
  Sigmund (D:3)
  2 shadows (D:10)
  2 wraiths
  70 yaks
  2 basilisks (Lair:6)
  2 wyverns (Lair:4)
  6 vampire mosquitoes (Lair:2)
  2 steam dragons
  Edmund (D:5)
  15 water moccasins
  2 orc warriors
  2 black bears (Lair:3)
  3 sky beasts
  An ice beast (D:5)
  2 ogres (D:5)
  A necrophage (D:7)
  6 wolves
  3 centaurs
  A phantom (D:10)
  14 kobold brigands
  12 bullfrogs
  4 scorpions
  A gnoll sergeant (D:9)
  2 troll zombies (D:10)
  A water moccasin skeleton (D:4)
  16 killer bees
  4 electric eels
  12 wights (D:7)
  A howler monkey (D:9)
  A jelly (D:5)
  4 centaur zombies
  A gnoll shaman (D:8)
  3 orc wizards
  4 ogre zombies (D:10)
  A hound skeleton (D:4)
  A howler monkey zombie (D:7)
  Robin (D:3)
  8 gnolls
  8 adders
  A shadow imp (D:7)
  A white imp (D:7)
  2 ufetubi (D:5)
  An adder skeleton (D:5)
  3 worms
  4 dart slugs
  21 orcs
  5 bats
  9 endoplasms
  6 giant cockroaches
  11 hobgoblins
  28 kobolds
  4 quokkas
  8 ball pythons
  A frilled lizard (D:1)
  14 goblins
  A goblin skeleton (D:10)
  2 goblin zombies (D:10)
  3 hobgoblin zombies (D:10)
  13 orc zombies (D:10)
  11 rats
497 creatures vanquished.

Vanquished Creatures (collateral kills)
  A hydra (Lair:4)
1 creature vanquished.

Vanquished Creatures (others)
  A hydra (Lair:2)
  A torpor snail (Lair:6)
  A yak (Lair:6)
  92 fungi
  73 plants
  9 toadstools (Lair:2)
177 creatures vanquished.

Grand Total: 675 creatures vanquished

Notes
Turn   | Place    | Note
-------+----------+-------------------------------------------
     0 | D:1      | MisterFreud the Draconian Transmuter began the quest for
                  | the Orb.
     0 | D:1      | Reached XP level 1. HP: 16/16 MP: 3/3
    49 | D:1      | Found a faded altar of an unknown god.
    68 | D:1      | Reached XP level 2. HP: 22/23 MP: 1/5
   953 | D:1      | Reached XP level 3. HP: 22/28 MP: 4/6
  1667 | D:2      | Learned a level 2 spell: Wereblood
  1671 | D:2      | Learned a level 3 spell: Spider Form
  1844 | D:2      | Reached XP level 4. HP: 35/35 MP: 5/7
  2867 | D:3      | Noticed Grinder
  2880 | D:3      | Killed Grinder
  2881 | D:3      | Reached skill level 5 in Transmutations
  2881 | D:3      | Reached XP level 5. HP: 39/46 MP: 1/8
  2881 | D:3      | Reached XP level 6. HP: 44/52 MP: 1/9
  3083 | D:3      | Noticed Robin
  3090 | D:3      | Killed Robin
  3344 | D:3      | Noticed Sigmund
  3368 | D:3      | Killed Sigmund
  3369 | D:3      | Reached skill level 5 in Unarmed Combat
  3574 | D:3      | Identified the +4 ring mail of Ohitogh {rElec Slay-6 SInv}
  3873 | D:3      | Identified the ring "Aczorch" {rElec EV+4 Str+5}
  4109 | D:4      | Your scales start taking on a dull iron-grey colour.
  4109 | D:4      | Reached XP level 7. HP: 52/59 MP: 10/10
  5126 | D:5      | Entered Level 5 of the Dungeon
  5208 | D:5      | Noticed Edmund
  5219 | D:5      | Killed Edmund
  5793 | D:5      | Found Kuywaa Kase's Assorted Antiques.
  5796 | D:5      | Bought a brown potion for 18 gold pieces
  5796 | D:5      | Bought a brown potion for 18 gold pieces
  5796 | D:5      | Bought a glowing silvery potion for 18 gold pieces
  5796 | D:5      | Bought a glowing lead wand for 80 gold pieces
  5956 | D:5      | Reached XP level 8. HP: 66/66 MP: 4/11
  6278 | D:6      | Reached skill level 5 in Dodging
  6563 | D:5      | Learned a level 4 spell: Ice Form
  6729 | D:7      | Reached skill level 1 in Ice Magic
  7422 | D:7      | Reached XP level 9. HP: 71/71 MP: 7/12
  7538 | D:7      | Found Dipepiuz's Magic Scroll Shop.
  7546 | D:7      | Bought a scroll of blinking for 97 gold pieces
  7546 | D:7      | Bought a scroll of fear for 45 gold pieces
  7546 | D:7      | Bought a scroll of fog for 26 gold pieces
  7546 | D:7      | Bought a scroll of blinking for 97 gold pieces
  7553 | D:7      | Found a staircase to the Ecumenical Temple.
  7643 | Temple   | Entered the Ecumenical Temple
  7740 | Temple   | Became a worshipper of Ru the Awakened
  8140 | D:8      | Found an ancient bone altar of Kikubaaqudgha.
  8382 | D:8      | Noticed an eight-headed hydra
  8390 | D:8      | Killed an eight-headed hydra
  8391 | D:8      | Reached skill level 5 in Fighting
  8725 | D:8      | Noticed a kobold demonologist
  9074 | D:8      | Reached XP level 10. HP: 84/84 MP: 11/16
  9838 | D:9      | Gained mutation: You are somewhat unskilled. (-1 Apt) [Ru
                  | sacrifice]
  9838 | D:9      | Reduced skill Dodging to level 5
  9838 | D:9      | Reduced skill Ice Magic to level 1
  9838 | D:9      | Reached * piety under Ru
  9852 | D:9      | Noticed a wizard
  9879 | D:9      | Killed a wizard
 10143 | D:9      | Found a transporter.
 10144 | D:9      | Found a transporter.
 10148 | D:9      | Noticed a boulder beetle
 10418 | D:10     | Entered Level 10 of the Dungeon
 10429 | D:10     | Noticed a two-headed ogre
 10434 | D:10     | Killed a two-headed ogre
 10461 | D:10     | Noticed Snorg
 10474 | D:10     | Killed Snorg
 10773 | D:10     | Found a staircase to the Orcish Mines.
 10790 | D:10     | Reached XP level 11. HP: 78/94 MP: 12/17
 11002 | D:10     | Found a portal to a secret trove of treasure.
 11083 | D:10     | Identified the ring "Fecsastri" {rF+ AC+4}
 11535 | D:11     | Noticed Fannar
 11553 | D:11     | Killed Fannar
 11585 | D:11     | Gained mutation: You sometimes lose the ability to read
                  | scrolls when taking damage. [Ru sacrifice]
 11585 | D:11     | Reached ** piety under Ru
 11663 | D:11     | Found a staircase to the Lair.
 11740 | D:11     | Noticed a two-headed ogre
 11746 | D:11     | Killed a two-headed ogre
 11916 | D:11     | Noticed a two-headed ogre
 11927 | D:11     | Killed a two-headed ogre
 12401 | D:11     | Reached skill level 10 in Unarmed Combat
 12622 | Lair:1   | Entered Level 1 of the Lair of Beasts
 13010 | Lair:1   | Identified the +0 pair of gloves of Weirdness {Rampage
                  | Regen+ Int-4}
 13024 | Lair:1   | Found a gate leading to a gauntlet.
 13240 | Lair:2   | Noticed a six-headed hydra
 13403 | Lair:2   | Reached XP level 12. HP: 101/101 MP: 14/18
 13404 | Lair:2   | Noticed a five-headed hydra
 13408 | Lair:2   | Killed a five-headed hydra
 13553 | Lair:2   | Reached skill level 1 in Evocations
 13673 | Lair:2   | Killed a six-headed hydra
 13717 | Lair:2   | Found a dark tunnel.
 13768 | Lair:2   | Reached skill level 5 in Evocations
 13840 | Lair:2   | Got Sif Muna's Tome of Fire and the Traveller
 13848 | Lair:2   | Learned a level 6 spell: Statue Form
 13884 | Lair:2   | Gained mutation: You are somewhat inexperienced. (-2 XL)
                  | [Ru sacrifice]
 13884 | Lair:2   | Reached XP level 11. HP: 94/94 MP: 17/17
 13884 | Lair:2   | Reached XP level 10. HP: 88/88 MP: 16/16
 13884 | Lair:2   | Reached *** piety under Ru
 13884 | Lair:2   | Reached **** piety under Ru
 13936 | Lair:2   | Noticed an eight-headed hydra
 13945 | Lair:2   | Killed an eight-headed hydra
 14156 | Lair:2   | Found a runed translucent door.
 14180 | Lair:2   | Noticed a dire elephant
 14180 | Lair:2   | Noticed a dire elephant
 14346 | Lair:2   | Found a staircase to the Swamp.
 14898 | Lair:3   | Found a hole to the Spider Nest.
 15138 | Lair:3   | Reached XP level 11. HP: 93/94 MP: 13/17
 15693 | Lair:3   | Reached skill level 10 in Evocations
 15842 | Lair:3   | Reached skill level 1 in Earth Magic
 16544 | Lair:4   | Reached skill level 5 in Earth Magic
 16627 | Lair:4   | Found a white marble altar of Elyvilon.
 17741 | Lair:4   | Reached skill level 10 in Transmutations
 18328 | Lair:4   | Reached XP level 12. HP: 26/101 MP: 16/18
 18685 | Lair:5   | Found a viscous altar of Jiyva.
 18686 | Lair:5   | Found a staircase to the Slime Pits.
 19113 | Lair:6   | Entered Level 6 of the Lair of Beasts
 19282 | Lair:6   | Found a runed translucent door.
 19290 | Lair:6   | Noticed MisterFreud's ghost (journeyman DrTm)
 20429 | Lair:6   | Found a runed translucent door.
 20677 | Lair:6   | HP: 7/187 [tyrant leech (21)]
 20947 | Lair:6   | Killed MisterFreud's ghost
 21191 | D:12     | Slain by a fire elemental

Illustrated notes

Levels and vault maps discovered:
D:1:      tarquinn_simple_flora_water_a, layout_basic, basic_ecumenical_altar
D:2:      layout_basic, palyth_stone_intersect
D:3:      layout_basic, uniq_grinder, uniq_sigmund, uniq_robin
D:4:      layout_basic, serial_aquarium, aquarium_bridge_straight
          [aquarium_subvault_bridge, aquarium_subvault_window,
          aquarium_subvault_bridge, aquarium_subvault_wall],
          aquarium_window_corridor_1, aquarium_window_corner,
          aquarium_window_corner, aquarium_window_corner, aquarium_view_2e,
          aquarium_view_2e, minmay_crystal_water
D:5:      layout_loops_ring, serial_shops, kennysheep_mini_moat,
          grunt_ministairs_2, roderic_lattice_a, minmay_misc_feat_hallway,
          hangedman_decor_points, minmay_crystal_room, uniq_edmund
D:6:      layout_cave_pools, corner_web_ring, hangedman_abyss_or_decor_passed
D:7:      layout_basic, temple_statues, serial_shops, shop, chequers_jeans
D:8:      layout_cave_pools, mainiacjoe_overflow_chevrons, special_room
          [special_room_kobold]
D:9:      gammafunk_boulding_lane, layout_irregular_city, minmay_liquid_box
D:10:     layout_roguey, zombieorc1_lemuel, nicolae_trove_entry_isolated,
          uniq_snorg
D:11:     layout_layer_cave, david_lair_shrubbed, minmay_misc_feat_diagonals,
          uniq_fannar
D:12:     layout_roguey
Temple:   regret_index_temple_sigil_plot
Lair:1:   layout_concentric_octagons, gauntlet_entry_generic,
          chequers_serial_rivers_micro_e, grunt_megastairs_2
Lair:2:   gammafunk_lair_enchanted_lake, layout_small_grid,
          minmay_swamp_entry_swarm, enter_volcano_2, evilmike_ambush
          [evilmike_ambush_outer_corners, evilmike_ambush_inner_basic],
          infiniplex_staircase_pool_2
Lair:3:   layout_gridlike, spider_nest_entry_rubble, lemuel_fruit_fields
Lair:4:   layout_roguey, basic_altar, nicolae_lair_lakeside_cave,
          grunt_megastairs_3
Lair:5:   layout_loops_ring, dpeg_slime_entry_enclosed_altar,
          serial_bayou_lake_a, serial_bayou_shore_a, lemuel_fruit_tree
Lair:6:   wormcave, layout_small_grid, ebering_ghost_reflecting_pool

Skill      XL: |  1  2  3  4  5  6  7  8  9 10 11 12 |
---------------+-------------------------------------+-----
Transmutations | 3 4 5 7 8 8 10 12 | 12.0
Fighting       | 4 6 8 9 |  9.1
Unarmed Combat | 5 6 7 8 11 12 | 12.6
Dodging        | 4 6 6 8 |  8.0
Ice Magic      | 2 2 |  2.0
Spellcasting   | 4 4 |  4.0
Evocations     | 9 10 5 | 10.0
Earth Magic    | 7 8 |  8.0

Action                   |  1- 3 |  4- 6 |  7- 9 | 10-12 || total
-------------------------+-------+-------+-------+-------++-------
Melee: Unarmed           |   123 |   140 |   331 |  1104 ||  1698
       Tailslap          |    10 |    15 |    18 |    11 ||    54
       Kick              |    20 |    20 |     6 |       ||    46
       Headbutt          |    23 |     6 |     4 |       ||    33
       Punch             |     1 |       |     7 |     2 ||    10
Throw: Dart              |       |       |       |     1 ||     1
 Cast: Beastly Appendage |    33 |    23 |     7 |       ||    63
       Spider Form       |       |     4 |     6 |       ||    10
       Ice Form          |       |       |    16 |    99 ||   115
       Statue Form       |       |       |       |     1 ||     1
Invok: Sacrifice Experie |       |       |       |     1 ||     1
       Sacrifice Skill   |       |       |       |     1 ||     1
       Sacrifice Words   |       |       |       |     1 ||     1
       Reject Sacrifices |       |       |       |     1 ||     1
       Power Leap        |       |       |       |     1 ||     1
 Abil: End Transformatio |       |       |       |     1 ||     1
Evoke: Wand              |       |       |       |     2 ||     2
       Phantom mirror    |       |       |       |     1 ||     1
  Use: Scroll            |     3 |       |     5 |    16 ||    24
       Potion            |       |       |     2 |     2 ||     4
 Stab: Distracted        |       |       |       |     5 ||     5
       Invisible         |       |       |       |     2 ||     2
       Paralysed         |       |       |       |     1 ||     1
Armor: Skin              |    39 |    28 |    92 |   211 ||   370
Dodge: Dodged            |    90 |    96 |   327 |   761 ||  1274
